 Zot Defence DCSS version 0.15.2 (webtiles) character file.

2025 namelastname112 the Cleaver (level 9, 0/1 (117) HPs)
             Began as a Minotaur Fighter on May 21, 2016.
             Was a Follower of Okawaru.
             Rotted away (a spiny frog)
             ... in the Realm of Zot (Scenario I: Hall of Zot).
             The game lasted 00:03:39 (531 turns).

namelastname112 the Cleaver (Minotaur Fighter)       Turns: 531, Time: 00:03:39

HP   0/1 (117)   AC  7     Str 29      XL: 9   Next:  3%
MP   4/9         EV  8     Int  5      God: Okawaru [*.....]
Gold 0           SH 11     Dex 10      Spells:  0 memorised,  8 levels left

rFire  . . .     SeeInvis .     a - +0 war axe
rCold  . . .     Clarity  .     b - +0 scale mail
rNeg   . . .     rCorr    .     c - +0 shield
rPois  .         rRot     .     (helmet restricted)
rElec  .         Spirit   .     (no cloak)
SustAb .         Warding  .     (no gloves)
rMut   .         Stasis   .     (no boots)
Gourm  .                        (no amulet)
MR     .....                    (no ring)
                                (no ring)

@: berserking, lethally poisoned, very quick, not resistant to hostile
enchantments, extremely unstealthy
A: retaliatory headbutt, horns 2
a: Make oklob sapling, Make arrow trap, Make plant, Remove Curse, Make burning
bush, Make altar, Make grenades, Make oklob plant, Make net trap, Make ice
statue, Heroism, Renounce Religion


You were in the Realm of Zot.
You worshipped Okawaru.
Okawaru was aware of your devotion.
You were not hungry.

You visited 1 branch

Inventory:

Hand weapons
 a - a +0 war axe (weapon)
Armour
 b - a +0 scale mail (worn)
 c - a +0 shield (worn)
Comestibles
 f - a bread ration
Scrolls
 k - a scroll of blinking
Potions
 d - 3 potions of curing
 e - a potion of might
 g - a potion of heal wounds
 h - a potion of haste
 i - 2 potions of magic


   Skills:
 + Level 6.9 Fighting
 * Level 9.1 Axes
 + Level 6.9 Armour
 + Level 6.7 Shields
 + Level 3.6 Invocations


You had 8 spell levels left.
You didn't know any spells.

Dungeon Overview and Level Annotations

Branches:
    Zot (1/1)

Altars:
Okawaru


Innate Abilities, Weirdness & Mutations

You reflexively headbutt those who attack you in melee.
You have a pair of horns on your head.


Message History

Your flesh rots away as the Orb of Zot is desecrated. x2
Unknown command.
Your flesh rots away as the Orb of Zot is desecrated.
You hit the giant frog.
The giant frog is heavily wounded.
You slash the giant frog!
The giant frog is heavily wounded.
You closely miss the giant frog.
The giant frog is severely wounded.
You feel sick.
Your flesh rots away as the Orb of Zot is desecrated. x2
The giant frog hits your plant but does no damage.
Your flesh rots away as the Orb of Zot is desecrated.
You block the giant frog's attack.
Your flesh rots away as the Orb of Zot is desecrated.
Zitrus the spiny frog comes into view.
Unknown command.
Your flesh rots away as the Orb of Zot is desecrated.
Ouch! That really hurt!
You die...

..▓▓▓▓ ▓▓▓▓...... .....▓▓▓
▓▓▓......... .......▓▓
▓▓........... ........▓ ▓▓▓▓▓▓▓▓▓
▓_...........
........▓▓▓.P.P.).▓▓▓............
........▓▓...))%...▓▓............
........▓....PFP....▓............
...........)%FFFFF.(F)...........
.......F▓....PPP@F..▓............
........▓▓....F....▓▓............
........▓▓▓.....P.▓▓▓............
........# ▓▓▓▓▓▓▓▓▓ #...F........
.......## ##........... .....###
###......... ..#### ####......
####### ########### ......###
###..........


You could see a spiny frog, Zitrus the spiny frog, a blink frog, 6 giant frogs
and 3 friendly oklob saplings.

Vanquished Creatures
  2 spiny frogs (Zot)
  An ogre (Zot)
  5 giant frogs (Zot)
  A shadow imp (Zot)
  5 oozes (Zot)
  A ball python (Zot)
  6 bats (Zot)
  A bat zombie (Zot)
  6 goblins (Zot)
  3 kobolds (Zot)
  2 giant cockroaches (Zot)
  A giant cockroach zombie (Zot)
  2 kobold zombies (Zot)
  7 rats (Zot)
  2 rat zombies (Zot)
45 creatures vanquished.

Vanquished Creatures (collateral kills)
  A blink frog (Zot)
  An orc (Zot)
  A ball python (Zot)
  2 goblins (Zot)
  A goblin zombie (Zot)
  2 kobolds (Zot)
  3 rats (Zot)
  3 rat zombies (Zot)
14 creatures vanquished.

Vanquished Creatures (others)
  4 plants (Zot)
4 creatures vanquished.

Grand Total: 63 creatures vanquished

Notes
Turn   | Place    | Note
--------------------------------------------------------------
     0 | Zot      | namelastname112, the Minotaur Fighter, began the quest for the Orb.
     0 | Zot      | Reached XP level 1. HP: 19/19 MP: 1/1
   215 | Zot      | Reached XP level 2. HP: 25/27 MP: 1/1
   235 | Zot      | Reached XP level 3. HP: 26/33 MP: 2/2
   236 | Zot      | Noticed Ydyaw
   244 | Zot      | Killed Ydyaw the ogre
   244 | Zot      | Reached skill level 4 in Fighting
   244 | Zot      | Reached skill level 5 in Axes
   244 | Zot      | Reached XP level 4. HP: 25/41 MP: 2/2
   244 | Zot      | Reached XP level 5. HP: 28/47 MP: 2/2
   432 | Zot      | Reached XP level 6. HP: 48/53 MP: 3/3
   444 | Zot      | Became a worshipper of Warmaster Okawaru
   488 | Zot      | Noticed a blink frog
   490 | Zot      | Reached skill level 6 in Axes
   491 | Zot      | Noticed a blink frog
   502 | Zot      | Reached skill level 5 in Fighting
   502 | Zot      | Reached skill level 5 in Armour
   502 | Zot      | Reached skill level 5 in Shields
   506 | Zot      | Killed a blink frog
   506 | Zot      | Reached skill level 1 in Invocations
   506 | Zot      | Reached XP level 7. HP: 61/61 MP: 4/4
   508 | Zot      | Reached skill level 7 in Axes
   513 | Zot      | Noticed a spiny frog
   517 | Zot      | Noticed a spiny frog
   521 | Zot      | Reached XP level 8. HP: 48/48 MP: 4/5
   522 | Zot      | Noticed a spiny frog
   527 | Zot      | Killed a spiny frog
   527 | Zot      | Acquired Okawaru's first power
   527 | Zot      | Reached skill level 8 in Axes
   528 | Zot      | Killed a spiny frog
   528 | Zot      | Reached skill level 9 in Axes
   528 | Zot      | Reached XP level 9. HP: 16/16 MP: 4/9
   531 | Zot      | Noticed Zitrus
   531 | Zot      | Rotted away (a spiny frog)

Action                   |  1- 3 |  4- 6 |  7- 9 || total
-------------------------+-------+-------+-------++-------
Melee: War axe           |    19 |    56 |    24 ||    99
 Abil: Make oklob saplin |     1 |     2 |       ||     3
       Make plant        |       |     9 |       ||     9
       Make altar        |       |     1 |       ||     1
  Use: Potion            |       |       |     1 ||     1
